 Dungeon Crawl Stone Soup version 0.31-a0-705-ga145531891 (webtiles) character file.

Game seed: 178681451080106476

49 Dirtsage the Ruffian (level 3, -1/24 HPs)
             Began as an Octopode Shapeshifter on Sept 9, 2023.
             Killed from afar by Sigmund (11 damage)
             ... with a puff of flame
             ... on level 2 of the Dungeon.
             The game lasted 00:02:28 (1578 turns).

Dirtsage the Ruffian (Octopode Shapeshifter)        Turns: 1578, Time: 00:02:29

Health: -1/24      AC:  1    Str: 15    XL:     3   Next: 77%
Magic:  12/12      EV: 13    Int: 12    God:
Gold:   100        SH:  0    Dex: 11    Spells: 2/2 levels left

rFire   . .          .
                       - Unarmed
rCold   . . .        (no shield)
rNeg    . . .        (helmet currently unavailable)
rPois   .            (no amulet)
rElec   .            d - ring of magical power
rCorr   .            (no ring)
SInv    .            (no ring)
Will    .....        (no ring)
Stlth   ++           (no ring)
HPRegen 0.24/turn    (no ring)
MPRegen 0.13/turn    (no ring)
                     (no ring)

%: no passive effects
@: beast-form
A: beast (slay +1), almost no armour, amphibious, 8 rings, camouflage 1,
gelatinous body 1, (nimble swimmer 1), tentacles
a: Begin Untransformation


You were on level 2 of the Dungeon.
You were a hulking beast.
You visited 1 branch of the dungeon, and saw 4 of its levels.

You collected 100 gold pieces.

Inventory:

Jewellery
 d - a ring of magical power (left tentacle)
 k - an amulet of guardian spirit
Talismans
 b - a beast talisman (active)
 c - a flux talisman
Wands
 q - a wand of light (11)
Scrolls
 f - 4 scrolls of identify {unknown}
 i - a scroll of fog {unknown}
 l - a scroll of immolation {unknown}
 m - a scroll of revelation {unknown}
 p - a scroll of noise {unknown}
 r - a scroll of poison {unknown}
Potions
 a - a potion of lignification
 e - a potion of magic {unknown}
 g - a potion of attraction {unknown}
 h - a potion of curing {unknown}
 j - a potion of invisibility {unknown}
 n - a potion of might {unknown}
 o - a potion of degeneration {unknown}
 s - a potion of cancellation {unknown}


   Skills:
 + Level 1.8 Fighting
 - Level 2.0 Dodging
 * Level 3.9 Unarmed Combat
 + Level 3.3 Shapeshifting


You had 2 spell levels left.
You didn't know any spells.
Your spell library contained the following spells:

 Spells                   Type           Power      Damage    Failure   Level
 Necrotise                Necr           0%         1d4       32%         1
 Summon Small Mammal      Summ           0%         N/A       32%         1
 Call Canine Familiar     Summ           0%         N/A       69%         3
 Summon Guardian Golem    Hex/Summ       0%         N/A       69%         3
 Vampiric Draining        Necr           0%         2d6       69%         3
 Agony                    Necr           0%         N/A       100%        5


Dungeon Overview and Level Annotations

Branches:
Dungeon (4/15)
 Temple: D:4-7

Altars:

Shops:
D:4 (

Annotations:
D:2 Sigmund


Innate Abilities, Weirdness & Mutations

You are a hulking beast.
Your limbs bulge with bestial killing power. (Slay +1)
You cannot wear most types of armour.
You are amphibious.
You can wear up to eight rings at the same time.
Your skin changes colour to match your surroundings (Stealth+).
Your rubbery body absorbs attacks. (AC +1, EV +1)
((You are camouflaged when in or above water. (Stealth+)))
You have tentacles for arms and can constrict up to eight enemies at once.


Message History

A goblin comes into view. It is wielding a +0 dagger.
The kobold misses you.
You barely miss the kobold. You grab the kobold. You constrict the kobold.
The kobold closely misses you.
You tentacle-slap the kobold.
You kill the kobold!
The ball python misses you. The ball python grabs you.
The ball python constricts you.
You tentacle-slap the ball python.
You kill the ball python!
Sigmund casts a spell at you. The magic dart hits you!
You take 8 damage, and have 16/24 hp.
MASSIVE DAMAGE!!
You see here a ball python corpse.
The goblin hits you but does no damage.
You see here a ball python corpse.
You barely miss the goblin. Your grab misses the goblin.
The goblin hits you with a +0 dagger.
You take 2 damage, and have 15/24 hp.
You barely miss the goblin. You grab the goblin. You constrict the goblin.
The goblin closely misses you.
You tentacle-slap the goblin. You squeeze the goblin.
You kill the goblin!
Sigmund barely misses you.
Things that are here:
a +0 dagger; a goblin corpse Sigmund casts a spell.
Sigmund flickers and vanishes!
Deactivating autopickup; reactivate with Ctrl-A.
Aiming: Bolt of Light
Press: ? - help, Shift-Dir - straight line The bolt of light hits something!
Things that are here:
a +0 club; a kobold corpse Something hits you!
You take 8 damage, and have 9/24 hp.
MASSIVE DAMAGE!!
You see here a scroll labelled NEYGHE UGOGE.
A puff of flame appears from out of thin air!
The puff of flame hits you!
You die...

##....# ......... ..#
... ....# #.# ##.###.#.#
#.# #........# #.# #
#..# #...# #.# #.#.##$.#
#...# #.#
........###.).###.#
#......h.?...{)†..######
###...........^.........
######################


There were no monsters in sight!

Vanquished Creatures
  An adder (D:2)
  A dart slug (D:1)
  2 orcs (D:4)
  6 endoplasms
  2 giant cockroaches
  A hobgoblin (D:4)
  8 ball pythons
  2 bats (D:1)
  A frilled lizard (D:1)
  5 goblins
  2 kobolds (D:2)
  4 rats
35 creatures vanquished.

Notes
Turn   | Place    | Note
-------+----------+-------------------------------------------
     0 | D:1      | Dirtsage the Octopode Shapeshifter began the quest for the
                  | Orb.
     0 | D:1      | Reached XP level 1. HP: 13/13 MP: 1/1
   136 | D:1      | Reached XP level 2. HP: 16/18 MP: 2/2
   858 | D:2      | Reached XP level 3. HP: 21/23 MP: 3/3
   899 | D:2      | Found a faded altar of an unknown god.
   945 | D:2      | You fall into a shaft and drop 2 floors!
  1018 | D:4      | Found Manan's Antique Weapon Shop.
  1544 | D:2      | Noticed Sigmund
  1578 | D:2      | Killed from afar by Sigmund

Illustrated notes

Levels and vault maps discovered:
D:1:      dpeg_arrival_radiant, layout_loops_ring, minmay_misc_feat_alley
D:2:      layout_loops_ring, shapermc_ecumenical_altar_hornbeckon, uniq_sigmund
D:3:      layout_basic, minitemple
D:4:      layout_loops_corners, mainiacjoe_overflow_surrounded_room,
          serial_shops, shop, uniq_edmund

Action                     || total
---------------------------++-------
  Melee: Unarmed           ||    56
         Constrict         ||    10
         Tentacles         ||     7
         Punch             ||     2
  Evoke: Wand              ||     2
   Stab: Sleeping          ||    11
         Distracted        ||     1
 Armour: Skin              ||    18
  Dodge: Dodged            ||    24

Table legend: (Time is in decaauts)
 A = Elapsed time spent in this place.
 B = Non-inter-level travel time spent in this place.
 C = Inter-level travel time spent in this place.
 D = Time resting spent in this place.
 E = Time spent auto-exploring this place.
 F = Levels seen in this place.
 G = Mean time per level.
                   A        B        C        D        E       F      G
               +--------+--------+--------+--------+--------+-----+--------+
         Total |   1573 |   1559 |     14 |      0 |   1209 |   4 |  393.2 |
       Dungeon |   1573 |   1559 |     14 |      0 |   1209 |   4 |  393.2 |
               +--------+--------+--------+--------+--------+-----+--------+

Top non-repeatable levels by time:
     D:1: 813 daAuts
     D:2: 344 daAuts
     D:4: 262 daAuts
     D:3: 152 daAuts
